 Dungeon Crawl Stone Soup version 0.30.2 (webtiles) character file.

Game seed: 10137148057796017215

25 porpoise the Shooter (level 2, -6/24 HPs)
             Began as a Minotaur Hexslinger on Jan 22, 2024.
             Mangled by a worm (7 damage)
             ... on level 2 of the Dungeon.
             The game lasted 00:01:49 (1086 turns).

porpoise the Shooter (Minotaur Hexslinger)          Turns: 1086, Time: 00:01:50

Health: -6/24      AC:  2    Str: 14    XL:     2   Next: 82%
Magic:  2/2        EV: 12    Int: 10    God:
Gold:   34         SH:  0    Dex: 10    Spells: 2/3 levels left

rFire   . . .        f - +1 dagger (venom)
rCold   . . .        (no shield)
rNeg    . . .        c - +0 robe
rPois   .            (helmet restricted)
rElec   .            (no cloak)
rCorr   .            (no gloves)
SInv    .            (no boots)
Will    .....        (no amulet)
Stlth   +            (no ring)
HPRegen 0.24/turn    (no ring)
MPRegen 0.08/turn

%: no passive effects
@: no status effects
A: horns 2, retaliatory headbutt
a: no special abilities


You were on level 2 of the Dungeon.
You visited 1 branch of the dungeon, and saw 2 of its levels.

You collected 34 gold pieces.

Inventory:

Hand Weapons
 a - a +1 sling
 f - a +1 dagger of venom (weapon)
Armour
 c - a +0 robe (worn)
Scrolls
 b - a scroll of poison
 d - a scroll of silence {unknown}
 e - a scroll of identify {unknown}


   Skills:
 + Level 2.1 Fighting
 * Level 3.3 Ranged Weapons
 - Level 2.1 Dodging
 - Level 1.0 Spellcasting
 - Level 2.0 Hexes


You had 2 spell levels left.
You knew the following spells:

 Your Spells              Type           Power      Damage    Failure   Level
a - Slow                  Hex            16%        N/A       16%         1

Your spell library contained the following spells:

 Spells                   Type           Power      Damage    Failure   Level
 Inner Flame              Hex/Fire       2%         N/A       56%         3
 Portal Projectile        Hex/Tloc       4%         N/A       56%         3
 Cause Fear               Hex            2%         N/A       83%         4


Dungeon Overview and Level Annotations

Branches:
Dungeon (2/15)

Altars:


Innate Abilities, Weirdness & Mutations

You have a pair of horns on your head.
You reflexively headbutt those who attack you in melee.


Message History

Done waiting.
You climb downwards.
There is a stone staircase leading up here.
You barely miss the worm. You punch the worm, but do no damage.
You hit the worm.
The worm is lightly wounded.
The worm bites you.
You barely miss the worm. The worm bites you!
You are too injured to fight recklessly!
You are too injured to fight recklessly!
You hit the worm.
The worm is poisoned.
The worm is lightly wounded.
You hit the worm. You headbutt the worm!
The worm is severely wounded.
The worm bites you.
* * * LOW HITPOINT WARNING * * *
You see here a +0 club.
There is a stone staircase leading up here.
You climb upwards.
There is a stone staircase leading down here.
You start resting.
HP restored.
You climb downwards.
The worm bites you!
There is a stone staircase leading up, spattered with blood here.
You hit the worm but do no damage.
You headbutt the worm, but do no damage.
You hit the worm.
The worm is poisoned.
The worm is lightly wounded.
The worm bites you.
You are too injured to fight recklessly!
You are too injured to fight recklessly!
You hit the worm.
The worm looks as sick as possible!
The worm is moderately wounded.
You hit the worm but do no damage.
The worm looks as sick as possible!
Your headbutt misses the worm.
The worm is heavily wounded.
The worm bites you!
* * * LOW HITPOINT WARNING * * *
The worm bites you!
You die...

########
#.......
......#######
#..รท........
....$......
#.........
#..## #)w.#
#@#...#
#####.# .# .
. ..


You could see a worm (extremely poisoned).

Vanquished Creatures
  3 dart slugs (D:1)
  2 ball pythons (D:1)
  3 endoplasms (D:1)
  A hobgoblin (D:1)
  A quokka (D:1)
  A bat (D:1)
  2 goblins (D:2)
  2 kobolds (D:1)
  4 rats
19 creatures vanquished.

Notes
Turn   | Place    | Note
-------+----------+-------------------------------------------
     0 | D:1      | porpoise the Minotaur Hexslinger began the quest for the
                  | Orb.
     0 | D:1      | Reached XP level 1. HP: 16/16 MP: 1/1
   192 | D:1      | Reached XP level 2. HP: 24/24 MP: 2/2
   260 | D:1      | Reached skill level 3 in Ranged Weapons
  1085 | D:2      | HP: 1/24 [worm (7)]
  1086 | D:2      | Mangled by a worm

Illustrated notes

Levels and vault maps discovered:
D:1:      dpeg_arrival_solitude, layout_basic, chequers_serial_rivers_room_b
D:2:      layout_basic, basic_ecumenical_altar, st_stairs_9, uniq_natasha

Skill      XL: |  1  2 |
---------------+-------+-----
Ranged Weapons | 3 |  3.3
Fighting       | 2 |  2.1
Dodging        | |  2.1
Spellcasting   | |  1.0
Hexes          | |  2.0

Action                     || total
---------------------------++-------
  Melee: Dagger            ||     9
         Headbutt          ||     2
         Punch             ||     1
   Fire: Sling             ||    60
 Armour: Robe              ||     1
  Dodge: Dodged            ||     5
